Map: Desvio para o Azul LE

Players

josefa

  • Race: Terran Terran
  • League: Silver
  • Spawn Location: 7:00

iRathu - Winner!

  • Race: Terran Terran
  • Spawn Location: 1:00

VOD

Have the link to the VOD?

Description

Time

  • Played on: Nov. 4, 2018, 2:14 p.m.
  • Length: 8:31
Show
View Real Time Build Order
Export as new Build Order

josefa Terran 

Build Orders:  

Get SALT Encoding   

  12  0:02  SCV  
  13  0:14  SCV  
  14  0:26  SCV  
  7  1:29  SCV  
  8  1:41  SCV, Supply Depot  
  9  1:53  SCV  
  10  2:05  SCV  
  11  2:17  SCV  
  12  2:22  Barracks  
  13  2:30  SCV, Refinery  
  13  2:42  SCV  
  14  3:50  Barracks Reactor  
  14  3:59  SCV  
  14  4:04  Barracks  
  13  4:11  SCV  
  12  4:23  SCV  
  11  4:32  Marine x2  
  11  4:35  SCV  
  14  4:47  SCV  
  15  4:53  Reaper  
  15  4:57  Refinery  
  15  4:59  SCV  
  17  5:13  SCV  
  18  5:25  SCV  
  19  5:37  SCV  
  20  5:43  Supply Depot  
  20  5:44  Reaper x2  
  22  5:56  SCV  
  23  6:07  Marine  
  23  6:08  SCV  
  25  6:20  SCV  
  25  6:25  Reaper  
  27  6:28  Factory  
  26  6:57  Marine  
  27  7:15  Marine  
  27  7:33  Reaper  
Show
View Real Time Build Order
Export as new Build Order

iRathu Terran - Winner!

Build Orders:  

Get SALT Encoding   

  12  0:01  SCV  
  13  0:13  SCV  
  14  0:17  Supply Depot  
  14  0:25  SCV  
  15  0:38  SCV  
  15  0:42  Barracks  
  16  0:50  Refinery  
  16  0:51  SCV  
  15  1:12  SCV  
  16  1:45  Supply Depot  
  16  1:51  Orbital Command  
  16  1:57  Reaper  
  17  2:14  Refinery  
  17  2:19  SCV  
  18  2:30  Supply Depot, Marine  
  18  2:31  SCV  
  20  2:47  Marine  
  20  2:48  SCV  
  20  2:49  Factory  
  22  3:05  Marine  
  23  3:37  Command Center  
  23  3:47  Barracks Reactor  
  23  4:30  SCV  
  24  4:40  Starport  
  24  4:43  SCV  
  25  4:53  Barracks Tech Lab  
  26  5:01  Orbital Command, Supply Depot  
  26  5:05  SCV  
  26  5:16  Hellion x2  
  26  5:17  SCV  
  31  5:29  SCV  
  32  5:37  Hellion, Marauder  
  32  5:38  Hellion  
  32  5:42  Supply Depot  
  38  5:44  SCV  
  39  5:55  Viking  
  39  5:56  SCV  
  42  5:58  Marauder  
  42  5:59  Hellion x2  
  48  6:08  SCV  
  49  6:20  Hellion x2, Marauder  
  49  6:25  Medivac  
  57  6:38  Liberator  
  56  6:41  Marauder  
  56  6:42  Hellion x2  
  65  7:02  Marauder  
  67  7:12  Supply Depot  
  67  7:24  Marauder  
  67  7:45  Marauder  
  67  8:07  Marauder  
Tags
 
League
Silver
Matchup
TvT
Race
Terran
Spawn Locations
Cross Positions
Add a new tag
Caveats
  • Supply blocks, unpowered buildings, or Contaminate may cause inaccurate times.
  • Supply counts are checked every 10 seconds.